 Dungeon Crawl Stone Soup version 0.23.1 (webtiles) character file.

Game seed: 0

1470 night the Zephyrmancer (level 8, -12/50 (54) HPs)
             Began as a Barachi Air Elementalist on Mar 16, 2019.
             Was an Initiate of Vehumet.
             Shot with an arrow by a centaur (17 damage)
             ... on level 6 of the Dungeon.
             The game lasted 00:24:02 (7900 turns).

night the Zephyrmancer (Barachi Air Elementalist)   Turns: 7900, Time: 00:24:04

HP:   -12/50 (54)   AC:  3    Str:  9    XL:     8   Next: 78%
MP:   12/15         EV: 12    Int: 17    God:    Vehumet [......]
Gold: 174           SH:  0    Dex: 14    Spells: 5/17 levels left

rFire    . . .     SeeInvis .   w - +0 morningstar
rCold    . . .     Gourm    .   (no shield)
rNeg     . . .     Faith    .   a - +0 robe
rPois    .         Spirit   .   (no helmet)
rElec    .         Reflect  .   u - +0 cloak
rCorr    .         Harm     .   (no gloves)
MR       .....                  (no boots)
Stlth    ++........             (no amulet)
HPRegen  0.16/turn              (no ring)
MPRegen  0.14/turn              (no ring)

@: slow
A: +LOS, swims, slowness 1, strong legs 1
a: Hop, Renounce Religion


You were on level 6 of the Dungeon.
You worshipped Vehumet.
Vehumet was noncommittal.
You were hungry.

You visited 2 branches of the dungeon, and saw 9 of its levels.

You collected 264 gold pieces.
You spent 90 gold pieces at shops.

Inventory:

Hand Weapons
 e - a +0 shortbow
 g - a +0 spear
 m - a +0 mace of holy wrath
 w - a +0 morningstar (weapon)
Missiles
 f - 72 arrows
 h - 12 bolts
Armour
 a - a +0 robe (worn)
 u - a +0 cloak (worn)
Jewellery
 t - the ring of Pride {*Tele rElec rC+}
   (You bought it in a shop on level 4 of the Dungeon)

   [ring of teleportation]

   It may teleport you next to monsters.
   It protects you from cold.
   It insulates you from electricity.
Wands
 y - a wand of iceblast (6)
Scrolls
 b - 2 scrolls of teleportation
 d - 2 scrolls of remove curse
 i - 7 scrolls of identify
 n - a scroll of random uselessness {unknown}
 p - 2 scrolls of blinking
 r - a scroll of fog {unknown}
 s - a scroll of amnesia {unknown}
 z - a scroll of immolation {unknown}
Potions
 j - a potion of flight {unknown}
 k - a potion of magic {unknown}
 l - a potion of curing
 o - 2 potions of heal wounds {unknown}
 q - a potion of degeneration {unknown}
 v - a potion of might {unknown}
 x - a potion of brilliance {unknown}
 A - 2 potions of berserk rage {unknown}
Comestibles
 c - 17 rations


   Skills:
 - Level 1.1 Fighting
 - Level 1.0 Maces & Flails
 - Level 0.6 Polearms
 - Level 2.1 Dodging
 - Level 1.7 Stealth
 + Level 5.1 Spellcasting
 + Level 6.1 Conjurations
 + Level 8.7 Air Magic


You had 5 spell levels left.
You knew the following spells:

 Your Spells              Type           Power        Failure   Level  Hunger
a - Shock                 Conj/Air       ####         1%          1    None
b - Swiftness             Chrm/Air       ###.....     3%          2    #......
c - Lightning Bolt        Conj/Air       ####......   19%         5    ######.
d - Airstrike             Air            ####......   3%          4    ####...

Your spell library contained the following spells:

 Spells                   Type           Power        Failure   Level  Hunger
 Static Discharge         Conj/Air       ####....     1%          3    ###....
 Dazzling Spray           Conj/Hex       ##....       12%         3    ###....
 Corona                   Hex            #......      14%         1    None
 Ensorcelled Hibernation  Hex/Ice        #.....       22%         2    #......
 Confuse                  Hex            #.......     38%         3    ###....
 Tukima's Dance           Hex            #.......     38%         3    ###....


Dungeon Overview and Level Annotations

Branches:
Dungeon (8/15)             Temple (1/1) D:5            Lair (0/6) D:8

Altars:
Ashenzari
Cheibriados
Dithmenos
Fedhas
Gozag
Hepliaklqana
Kikubaaqudgha
Nemelex Xobeh
Okawaru
Qazlal
Ru
Sif Muna
Uskayaw
Vehumet
Wu Jian
Yredelemnul
The Shining One

Shops:
D:4 (%*

Annotations:
D:5 3 runed translucent doors, night's ghost, novice DsAE
D:7 4 runed translucent doors


Innate Abilities, Weirdness & Mutations

Shadows flee at your approach. (+LOS)
You can swim through water.
You cover ground slowly.
You can hop short distances.


Message History

Aim: a centaur, wielding a +0 shortbow (lightly wounded)
The zap hits the bush.
The bush is lightly damaged.
The zap hits the centaur.
The centaur is heavily wounded.
The centaur shoots an arrow.
The arrow hits you!
A worker ant comes into view.
Casting: Shock (safe; 1% risk of failure)
Confirm with . or Enter, or press ? or * to list all spells.
Aiming: Shock (safe; 1% risk of failure)
Press: ? - help, Shift-Dir - straight line, f/p - centaur
Aim: a centaur, wielding a +0 shortbow (heavily wounded)
The zap hits the bush.
The bush is lightly damaged.
The zap hits the centaur.
The centaur is severely wounded.
The centaur shoots an arrow.
The arrow hits you!
* * * LOW HITPOINT WARNING * * *
The centaur shoots an arrow.
The arrow hits you!
You die... # #. .a# # .. #.. # . #.# ...
PP. #.# #.# ..
P.. . #... ..# .PP_P #.#...###.. .PPPcP

. . #.#... ...) ..PPPP..
.####.#..####.###........
......#.........@...#
.........#.##..##.#.#.#
...........##.....# #.#
..................# #.#
.........#.....#### #.#
................... #.#####
.........#####..#####.#...#
....#.....# #..>.....#.#.#
##..#.#...# ##.......#.#.#


You could see a centaur and a worker ant.

Vanquished Creatures
  A sky beast (D:7)
  A phantom (D:4)
  A necrophage (D:5)
  4 ogres
  A centaur (D:5)
  2 bullfrogs
  2 scorpions (D:7)
  An electric eel (D:7)
  A crimson imp (D:5)
  A centaur skeleton (D:3)
  A bullfrog zombie (D:5)
  A hound (D:4)
  A jelly (D:6)
  A bullfrog skeleton (D:5)
  An iguana (D:5)
  Jessica (D:2)
  A worker ant (D:6)
  An orc wizard (D:4)
  2 killer bee zombies (D:5)
  A hound zombie (D:5)
  A worker ant zombie (D:5)
  5 adders
  A gnoll (D:1)
  A shadow imp (D:5)
  4 worms
  A dart slug (D:2)
  5 leopard geckos
  27 orcs
  6 bats
  4 giant cockroaches
  7 goblins
  3 hobgoblins
  3 jackals (D:1)
  3 kobolds
  3 quokkas
  2 ball pythons
  8 frilled lizards
  A quokka zombie (D:5)
  9 rats
120 creatures vanquished.

Notes
Turn   | Place    | Note
-------+----------+-------------------------------------------
     0 | D:1      | night the Barachi Air Elementalist began the quest for the
                  | Orb.
     0 | D:1      | Reached XP level 1. HP: 13/13 MP: 3/3
   199 | D:1      | Reached skill level 4 in Air Magic
   199 | D:1      | Reached XP level 2. HP: 9/19 MP: 0/5
   641 | D:1      | Reached XP level 3. HP: 17/24 MP: 0/6
  1327 | D:2      | Learned a level 2 spell: Swiftness
  1367 | D:2      | Noticed an ogre
  1382 | D:2      | Killed an ogre
  1382 | D:2      | Reached skill level 5 in Air Magic
  1382 | D:2      | Reached XP level 4. HP: 31/31 MP: 0/7
  1493 | D:2      | Noticed Jessica
  1498 | D:2      | Killed Jessica
  1498 | D:2      | Reached skill level 6 in Air Magic
  1498 | D:2      | Reached XP level 5. HP: 36/36 MP: 3/8
  2729 | D:3      | Noticed a +0 hand axe
  2729 | D:3      | Noticed a +0 dagger
  2740 | D:3      | Reached XP level 6. HP: 31/42 MP: 0/9
  2959 | D:2      | Learned a level 5 spell: Lightning Bolt
  3326 | D:3      | Found a hide-covered altar of Uskayaw.
  3534 | D:4      | HP: 1/42 [ogre/+0 giant club (10)]
  3535 | D:4      | Reached skill level 1 in Fighting
  3869 | D:4      | Found Kionkoz's Assorted Antiques.
  3967 | D:4      | Bought a smoking lead ring for 90 gold pieces
  3967 | D:4      | Identified the ring of Pride {*Tele rElec rC+} (You bought
                  | it in a shop on level 4 of the Dungeon)
  4131 | D:4      | Found Nigumaf's Food Boutique.
  4221 | D:4      | Reached skill level 1 in Maces & Flails
  4221 | D:4      | Reached skill level 7 in Air Magic
  4369 | D:4      | Found Xif Tupa's Antique Weapon Emporium.
  4495 | D:4      | Reached XP level 7. HP: 45/48 MP: 3/10
  4809 | D:4      | Found a sparkling altar of Nemelex Xobeh.
  4809 | D:4      | Found an opulent altar of Gozag.
  4912 | D:5      | Entered Level 5 of the Dungeon
  5404 | D:5      | Found a runed translucent gate.
  5404 | D:5      | Found a runed translucent gate.
  5716 | D:5      | Found a runed translucent gate.
  5743 | D:5      | You fall through a shaft for 3 floors!
  5743 | D:8      | Found a staircase to the Lair.
  5743 | D:8      | Noticed a yak
  5743 | D:8      | Noticed a two-headed ogre
  5744 | D:8      | Noticed an elephant
  5744 | D:8      | Noticed a hippogriff
  5754 | D:7      | Found a large runed translucent door.
  5754 | D:7      | Found a large runed translucent door.
  5788 | D:7      | Reached XP level 8. HP: 54/54 MP: 1/13
  5985 | D:7      | Found a large runed translucent door.
  5991 | D:7      | Learned a level 4 spell: Airstrike
  6008 | D:7      | Reached skill level 5 in Conjurations
  6008 | D:7      | Reached skill level 8 in Air Magic
  6319 | D:7      | Found a large runed translucent door.
  6738 | D:5      | Found a staircase to the Ecumenical Temple.
  7156 | Temple   | Entered the Ecumenical Temple
  7389 | Temple   | Became a worshipper of Vehumet
  7716 | D:5      | Noticed night's ghost (novice DsAE)
  7772 | D:6      | Reached skill level 5 in Spellcasting
  7891 | D:6      | Found a blossoming altar of Fedhas.
  7900 | D:6      | Shot with an arrow by a centaur

Skill      XL: |  1  2  3  4  5  6  7  8 |
---------------+-------------------------+-----
Air Magic      | 4 5 6 7 8 |  8.7
Conjurations   | 2 3 4 6 |  6.1
Fighting       | 1 |  1.1
Maces & Flails | 1 |  1.0
Spellcasting   | 3 5 |  5.1
Polearms       | |  0.6
Dodging        | |  2.1
Stealth        | |  1.7

Action                   |  1- 3 |  4- 6 |  7- 9 || total
-------------------------+-------+-------+-------++-------
Melee: Unarmed           |     8 |       |       ||     8
       Spear             |     1 |    16 |       ||    17
       Mace              |       |    24 |    37 ||    61
       Morningstar       |       |       |    11 ||    11
 Cast: Shock             |    48 |   155 |    99 ||   302
       Airstrike         |       |       |     7 ||     7
 Abil: Hop               |     1 |     2 |     2 ||     5
  Use: Scroll            |       |     6 |     1 ||     7
       Potion            |       |     1 |     2 ||     3
 Stab: Sleeping          |       |       |     1 ||     1
  Eat: Chunk             |     2 |    13 |     5 ||    20
       Ration            |       |       |     2 ||     2
Armor: Robe              |     1 |    10 |    12 ||    23
Dodge: Dodged            |    10 |    61 |    58 ||   129
